 Dungeon Crawl Stone Soup version 0.21.1-1-g345015fe64 (webtiles) character file.

1320 Mrkan the Skirmisher (level 8, 0/83 HPs)
             Began as a Troll Monk on May 6, 2018.
             Was a Believer of Makhleb.
             Slain by a centaur (7 damage)
             ... on level 5 of the Dungeon.
             The game lasted 00:13:44 (4606 turns).

Mrkan the Skirmisher (Troll Monk)                   Turns: 4606, Time: 00:13:45

Health: 0/83       AC:  6    Str: 20    XL:     8   Next: 33%
Magic:  10/10      EV: 10    Int:  6    God:    Makhleb [**....]
Gold:   296        SH:  0    Dex: 14    Spells: 7/7 levels left

rFire    . . .     SeeInvis .     - Unarmed
rCold    . . .     Gourm    +   (no shield)
rNeg     . . .     Faith    .   a - +0 robe
rPois    .         Spirit   .   k - +0 hat
rElec    .         Reflect  .   w - +0 cloak
rCorr    .         Harm     .   (gloves unavailable)
MR       .....                  (boots unavailable)
Stlth    ++........             (no amulet)
HPRegen  0.63/turn              (no ring)
MPRegen  0.12/turn              (no ring)

@: drained
A: large, unfitting armour, claws 3, fast metabolism 3, gourmand, regeneration
1, shaggy fur 1, tough skin 2
a: Minor Destruction, Renounce Religion


You were on level 5 of the Dungeon.
You worshipped Makhleb.
Makhleb was pleased with you.
You were completely stuffed.

You visited 2 branches of the dungeon, and saw 6 of its levels.

You collected 296 gold pieces.

Inventory:

Armour
 a - a +0 robe (worn)
 k - a +0 hat (worn)
 w - a +0 cloak (worn)
Jewellery
 m - an uncursed amulet of magic regeneration {unknown}
Scrolls
 d - a scroll of fear {unknown}
 e - 3 scrolls of fog {unknown}
 f - a scroll of enchant armour {unknown}
 i - 3 scrolls of amnesia {unknown}
 j - 4 scrolls of remove curse
 r - 6 scrolls of teleportation
 s - 3 scrolls of magic mapping {unknown}
 u - a scroll of blinking {unknown}
 v - a scroll of enchant weapon {unknown}
 x - a scroll of identify
Potions
 c - 2 potions of magic
 g - a potion of cancellation {unknown}
 h - 4 potions of lignification
 l - 2 potions of might
 n - a potion of degeneration {unknown}
 o - 3 potions of agility
 p - 2 potions of heal wounds
 q - a potion of curing {unknown}
 t - a potion of flight {unknown}
Comestibles
 b - 15 rations


   Skills:
 - Level 6.2(5.9) Fighting
 - Level 2.4(2.1) Dodging
 - Level 1.0(0.7) Stealth
 - Level 6.0(5.7) Unarmed Combat
 + Level 4.7(4.4) Invocations


You had 7 spell levels left.
You didn't know any spells.

Dungeon Overview and Level Annotations

Branches:
Dungeon (5/15)             Temple (1/1) D:4

Altars:
Ashenzari
Cheibriados
Dithmenos
Fedhas
Gozag
Kikubaaqudgha
Makhleb
Nemelex Xobeh
Okawaru
Ru
Sif Muna
Trog
Uskayaw
Vehumet
Wu Jian
Xom
Zin
The Shining One


Innate Abilities, Weirdness & Mutations

You are too large for most types of armour.
You have claws for hands.
Your metabolism is lightning-fast.
You like to eat raw meat.
Your natural rate of healing is unusually fast.
You are covered in fur. (AC +1)
You have very tough skin. (AC +2)


Message History

The centaur hits you but does no damage.
The centaur hits you.
You scratch the centaur.
The centaur is moderately wounded.
The centaur hits you.
* * * LOW HITPOINT WARNING * * *
You scratch the centaur but do no damage.
The centaur is moderately wounded.
The centaur hits you.
* * * LOW HITPOINT WARNING * * *
You claw the centaur!
The centaur is almost dead.
The centaur hits you!
* * * LOW HITPOINT WARNING * * *
The centaur hits you.
* * * LOW HITPOINT WARNING * * *
You barely miss the centaur.
The centaur is almost dead.
The centaur hits you!
You die...

#.........#.............##.
#######...#................
....#...##..(##.########.
....######..(##+##....##.
.........#..(.........##.
.......(.#..(.........##.
........('(.c............
####....c#####'####...##.
#....@#......###..)##.
#.....#........#......
#)....#........#......
#.....#........'......
#######.....#######.####.##.
#.......##'###...##.####.##.
#.......#.........#....#....
#.......#.........#....#....
#.......#.........#....#....


You could see a centaur.

Vanquished Creatures
  The ghost of Nattfarinn the Shield-Bearer, an amateur GnFi (D:4)
  Sigmund (D:4)
  Eustachio (D:4)
  Edmund (D:5)
  A scorpion (D:4)
  3 crimson imps (D:5)
  A centaur skeleton (D:5)
  2 orc wizards (D:5)
  3 orc priests (D:5)
  Jessica (D:2)
  An iguana (D:5)
  2 worker ants (D:5)
  7 gnolls
  9 adders
  A shadow imp (D:5)
  An ooze (D:4)
  4 worms
  2 dart slugs
  A leopard gecko (D:1)
  8 orcs
  A ball python (D:1)
  9 bats
  6 giant cockroaches
  6 goblins
  7 hobgoblins
  6 jackals
  4 quokkas
  2 frilled lizards
  6 kobolds
  A leopard gecko skeleton (D:4)
  7 rats
  2 rat zombies (D:4)
108 creatures vanquished.

Notes
Turn   | Place    | Note
-------+----------+-------------------------------------------
     0 | D:1      | Mrkan the Troll Monk began the quest for the Orb.
     0 | D:1      | Reached XP level 1. HP: 22/22 MP: 0/0
    64 | D:1      | Reached XP level 2. HP: 29/29 MP: 1/1
   311 | D:1      | Reached XP level 3. HP: 36/36 MP: 2/2
  1032 | D:2      | Reached XP level 4. HP: 40/44 MP: 3/3
  1078 | D:2      | Reached skill level 5 in Unarmed Combat
  1172 | D:2      | Noticed Jessica
  1195 | D:2      | Killed Jessica
  1446 | D:2      | You fall through a shaft for 2 floors!
  1465 | D:4      | Noticed Sigmund
  1709 | D:3      | Reached XP level 5. HP: 46/50 MP: 4/4
  2164 | D:3      | Found a glowing golden altar of the Shining One.
  2342 | D:4      | Killed Sigmund
  2342 | D:4      | Reached XP level 6. HP: 55/62 MP: 5/5
  2494 | D:4      | Noticed Nattfarinn's ghost (amateur GnFi)
  2863 | D:4      | Killed Nattfarinn's ghost
  2863 | D:4      | Reached skill level 5 in Fighting
  2863 | D:4      | Reached XP level 7. HP: 27/72 MP: 6/6
  3047 | D:4      | Noticed Eustachio
  3059 | D:4      | Killed Eustachio
  3164 | D:4      | Found an ancient bone altar of Kikubaaqudgha.
  3386 | D:4      | Found a staircase to the Ecumenical Temple.
  3396 | Temple   | Entered the Ecumenical Temple
  3468 | Temple   | Became a worshipper of Makhleb the Destroyer
  3468 | Temple   | Reached * piety under Makhleb
  3468 | Temple   | Reached ** piety under Makhleb
  3708 | D:5      | Entered Level 5 of the Dungeon
  3727 | D:5      | Reached skill level 1 in Invocations
  3886 | D:5      | Noticed Edmund
  3914 | D:5      | Killed Edmund
  3914 | D:5      | Reached XP level 8. HP: 67/83 MP: 7/9
  4174 | D:5      | Noticed a two-headed ogre
  4606 | D:5      | Slain by a centaur

Skill      XL: |  1  2  3  4  5  6  7  8 |
---------------+-------------------------+-----
Unarmed Combat | 4 5 6 |  6.0
Fighting       | 4 5 6 |  6.2
Invocations    | 3 4 |  4.7
Dodging        | |  2.4
Stealth        | |  1.0

Action                   |  1- 3 |  4- 6 |  7- 9 || total
-------------------------+-------+-------+-------++-------
Melee: Unarmed           |    88 |   118 |   108 ||   314
       Punch             |     1 |     4 |     3 ||     8
  Use: Potion            |       |     1 |       ||     1
       Scroll            |       |       |     6 ||     6
 Stab: Sleeping          |       |     1 |     1 ||     2
  Eat: Chunk             |    15 |    16 |    17 ||    48
Armor: Robe              |    48 |    34 |    20 ||   102
       Skin              |       |    11 |     2 ||    13
Dodge: Dodged            |    59 |    69 |    50 ||   178
